 Dungeon Crawl Stone Soup version 0.24-a0-201-gf205589 (console) character file.

Game seed: 15824454485252460612

3 bli the Skirmisher (level 1, -3/18 HPs)
             Began as a Formicid Abyssal Knight on Mar 22, 2019.
             Was an Initiate of Lugonu.
             Slain by a gnoll
             ... wielding a +0 halberd
              (7 damage)
             ... on level 1 of the Dungeon.
             The game lasted 00:02:33 (384 turns).

bli the Skirmisher (Formicid Abyssal Knight)         Turns: 384, Time: 00:02:33

Health: -3/18      AC:  4    Str: 16    XL:     1   Next: 55%
Magic:  2/2        EV:  8    Int: 11    God:    Lugonu [......]
Gold:   25         SH:  0    Dex: 10    Spells: 0/0 levels left

rFire    . . .     SeeInvis +   a - +1 falchion
rCold    . . .     Gourm    .   (no shield)
rNeg     . . .     Faith    .   i - +0 leather armour
rPois    .         Spirit   .   (helmet unavailable)
rElec    .         Reflect  .   (no cloak)
rCorr    .         Harm     .   (no gloves)
MR       .....                  g - +0 pair of boots
Stlth    +.........             (no amulet)
HPRegen  0.06/turn              k - -3 ring of evasion (curse)
MPRegen  0.08/turn              (no ring)

@: lightly drained
A: permanent stasis, dig shafts and tunnels, four strong arms, antennae 3
a: Dig, Shaft Self, Renounce Religion


You were on level 1 of the Dungeon.
You worshipped Lugonu.
Lugonu was noncommittal.
You were not hungry.

You visited 1 branch of the dungeon, and saw 1 of its levels.
You visited the Abyss 1 time.

You collected 25 gold pieces.

Inventory:

Hand Weapons
 a - a +1 falchion (weapon)
 b - a +0 dagger of draining
 l - a +0 dagger of holy wrath
Missiles
 j - 4 stones (quivered)
Armour
 g - a +0 pair of boots (worn)
 i - a +0 leather armour (worn)
Jewellery
 k - a cursed -3 ring of evasion (left hand)
Scrolls
 d - a scroll of fear {unknown}
 f - 2 scrolls of identify {unknown}
Potions
 e - a potion of heal wounds {unknown}
Comestibles
 c - a ration
 h - 3 chunks of flesh


   Skills:
 - Level 3.2(3.0) Fighting
 + Level 2.1(1.9) Long Blades
 - Level 2.1(2.0) Armour
 * Level 1.1(0.9) Dodging
 - Level 2.1(2.0) Invocations


You couldn't memorise any spells.
You didn't know any spells.
Your spell library was empty.

Dungeon Overview and Level Annotations

Branches:
Dungeon (1/15)

Altars:


Innate Abilities, Weirdness & Mutations

You cannot be hasted, slowed, berserked, paralysed or teleported.
You can dig through walls and to a lower floor.
Your four strong arms can wield two-handed weapons with a shield.
You have a pair of large antennae on your head. (SInv)


Message History

You slash the rat!
You kill the rat!
Lugonu accepts your kill.
Unknown command.
You sense a monster nearby.
As you open the door, it creaks loudly!
A frilled lizard, a gnoll and a kobold come into view.
The gnoll shouts!
The frilled lizard hisses angrily.
The kobold throws a stone.
The stone hits you. The gnoll barely misses you.
The gnoll hits you but does no damage.
You see here a stone.
You hit the gnoll.
The gnoll is lightly wounded.
The gnoll hits you with a +0 halberd!
Ouch! That really hurt!
* * * LOW HITPOINT WARNING * * *
You hit the gnoll.
The gnoll is heavily wounded.
The gnoll hits you with a +0 halberd!
You die...

##...>.###.....
.............##.#
#.####.########.# #. #.#
#.. .. ### #.# ### .#. ..#
#+# .. #.# ... #.###.#
..... ## #.#.#.# .......
##.
#.....###K........####..
#......@gl........+.....
#.###....###.........####..
#........# ..............
#####.#### ......#.#..##
###.# ...#......# #...#
#+##.#.#..# #...#
#.##.....## ##...###
#.#####.## #......#
##.#####.#### #.#.##.#
##...........# #.#.##.#
####.....######.#


You could see a gnoll, a kobold and a frilled lizard.

Vanquished Creatures
  2 bats (D:1)
  A kobold (D:1)
  2 rats (D:1)
5 creatures vanquished.

Vanquished Creatures (others)
  2 starspawn tentacles (Abyss:2)
2 creatures vanquished.

Grand Total: 7 creatures vanquished

Notes
Turn   | Place    | Note
-------+----------+-------------------------------------------
     0 | Abyss:1  | bli the Formicid Abyssal Knight began the quest for the
                  | Orb.
     0 | Abyss:1  | Reached XP level 1. HP: 18/18 MP: 2/2
    33 | Abyss:1  | Found a corrupted altar of Lugonu.
   124 | Abyss:2  | Noticed a wretched star
   138 | Abyss:2  | Noticed a tentacled starspawn
   148 | Abyss:2  | Noticed a hellwing
   162 | Abyss:2  | Noticed a large abomination
   167 | D:1      | Escaped the Abyss
   212 | D:1      | Reached skill level 1 in Dodging
   384 | D:1      | Slain by a gnoll

Levels and vault maps discovered:
D:1:      sevenhm_arrival_forest_fort_small_3, layout_loops_corners,
          serial_glass, glass_columns_b, glass_columns_a
Abyss:1
Abyss:2:  minivault_25_ag

Skill      XL: |  1 |
---------------+----+-----
Dodging        | 1 |  1.1
Fighting       | |  3.2
Long Blades    | |  2.1
Armour         | |  2.1
Invocations    | |  2.1

Action                   || total
-------------------------++-------
Melee: Falchion          ||    15
Invok: Depart the Abyss  ||     1
Armor: Leather armour    ||    13
Dodge: Dodged            ||    10
       Rpst.: Falchion   ||     4

Table legend:
 A = Non-vault XP
 B = Vault XP
 C = Vault XP percentage of total XP
 D = Non-vault monster count
 E = Vault monster count
 F = Vault count percentage of total count
                 A         B        C        D         E       F
            +---------+---------+-------+---------+---------+-------
      Total |       5 |       0 |   0.0 |       5 |       0 |   0.0
            +---------+---------+-------+---------+---------+-------
        D:1 |       5 |       0 |   0.0 |       5 |       0 |   0.0
            +---------+---------+-------+---------+---------+-------
